 Dungeon Crawl Stone Soup version 0.32-a0-836-g410066a (webtiles) character file.

Game seed: 1247264663795977893

63 Orctaku the Insei (level 3, -19/26 HPs)
             Began as a Demonspawn Shapeshifter on Mar 25, 2024.
             Demolished by Crazy Yiuf
             ... wielding a +4 quarterstaff of chaos
              (28 damage)
             ... on level 2 of the Dungeon.
             The game lasted 00:02:10 (1738 turns).

Orctaku the Insei (Demonspawn Shapeshifter)         Turns: 1738, Time: 00:02:11

Health: -19/26     AC:  2    Str: 14    XL:     3   Next: 87%
Magic:  3/3        EV:  2    Int: 10    God:
Gold:   53         SH:  0    Dex: 14    Spells: 2/2 levels left

rFire   . .          .
                       - Unarmed
rCold   . . .        (no shield)
rNeg    . . .        a - +0 animal skin
rPois   .            (helmet currently unavailable)
rElec   .            (cloak currently unavailable)
rCorr   .            (gloves currently unavailable)
SInv    .            (boots currently unavailable)
Will    .....        (no amulet)
Stlth   ++           (no ring)
HPRegen 0.24/turn    (no ring)
MPRegen 0.08/turn

%: no passive effects
@: beast-form, sleeping
A: beast (slay +1), horns 1
a: Begin Untransformation


You were on level 2 of the Dungeon.
You were a hulking beast.
You visited 1 branch of the dungeon, and saw 2 of its levels.

You collected 167 gold pieces.
You spent 114 gold pieces at shops.

Inventory:

Armour
 a - a +0 animal skin (worn)
 g - a +1 pair of boots
Talismans
 c - a beast talisman (active)
 d - a flux talisman
Scrolls
 f - 3 scrolls of identify
 i - 2 scrolls of blinking
 n - a scroll of noise {unknown}
 q - a scroll of teleportation {unknown}
Potions
 b - a potion of lignification
 e - a potion of cancellation {unknown}
 h - a potion of enlightenment {unknown}
 j - a potion of attraction {unknown}
 k - a potion of curing {unknown}
 l - a potion of heal wounds {unknown}
 m - a potion of mutation {unknown}
 o - a potion of might {unknown}
 p - a potion of haste {unknown}


   Skills:
 + Level 1.0 Fighting
 + Level 2.1 Dodging
 + Level 0.6 Stealth
 * Level 3.7 Unarmed Combat
 + Level 3.1 Shapeshifting


You had 2 spell levels left.
You didn't know any spells.
Your spell library contained the following spells:

 Spells                   Type           Power      Damage    Failure   Level
 Manifold Assault         Tloc           0%         N/A       98%         4
 Dispersal                Tloc           0%         N/A       100%        6
 Disjunction              Tloc           0%         N/A       100%        8


Dungeon Overview and Level Annotations

Branches:
Dungeon (2/15)

Altars:

Shops:
D:2 ?

Annotations:
D:2 Crazy Yiuf


Innate Abilities, Weirdness & Mutations

You are a hulking beast.
Your limbs bulge with bestial killing power. (Slay +1)
You have a pair of small horns on your head.


Message History

Things that are here:
a +0 dagger; a +0 quarterstaff
q - a scroll labelled BEDGHITH XUQOV
Found an escape hatch in the floor.
Key pressed, stopping explore.
You see here a +0 falchion.
A jelly comes into view.
The helpless jelly fails to defend itself.
You punch the jelly!
Your hands burn!
The jelly is heavily wounded.
The jelly closely misses you.
You hit the jelly.
Your hands burn!
The jelly is heavily wounded.
The jelly hits you.
You are splashed with acid.
You hit the jelly.
Your hands burn!
The jelly is severely wounded.
The jelly hits you.
You are splashed with acid!
You are too injured to fight recklessly!
You are too injured to fight recklessly!
You punch the jelly!
You kill the jelly!
Unknown command.
Key pressed, stopping explore.
Found a stone staircase leading down.
Key pressed, stopping explore.
Key pressed, stopping explore.
Found a hammer.
Found a runed translucent door.
Crazy Yiuf screams, "Buddy cloud Orb Guardian!"
You open the door. You hit Crazy Yiuf. You headbutt Crazy Yiuf.
Crazy Yiuf is heavily wounded.
Crazy Yiuf hits you with a +4 quarterstaff of chaos.
You convulse.
You barely miss Crazy Yiuf.
Crazy Yiuf is heavily wounded.
Crazy Yiuf hits you with a +4 quarterstaff of chaos!
You fall asleep.
Crazy Yiuf hits you with a +4 quarterstaff of chaos!!
Ouch! That really hurt!
You die...

#.# #..##.#.. #.#
#..##.<.. ##.#####
#..####.# .......#
##........ ##.###.#
#........# ...#
#.###♣♣♣♣♣ #..†######
.### #.#.#..♣.♣♣♣ ###
##........ .#
#.......♣..♣#...#
#.#######
.#####......♣♣♣♣hg...#
#.# .........#.♣♣
♣♣#..)# #.#
######.###♣♣ ### #.#
#.# #.# ######.## #.#
........### ##### #.#
#####.###.###.#># #.#
#..........#.###
###.#######
####..###.........##
#..........


You could see Crazy Yiuf.

Vanquished Creatures
  A jelly (D:2)
  An adder (D:2)
  2 bats (D:1)
  An endoplasm (D:2)
  A giant cockroach (D:1)
  3 goblins
  A hobgoblin (D:1)
  3 jackals (D:1)
  2 quokkas
  3 ball pythons
  3 kobolds
  2 rats
23 creatures vanquished.

Notes
Turn   | Place    | Note
-------+----------+-------------------------------------------
     0 | D:1      | Orctaku the Demonspawn Shapeshifter began the quest for the
                  | Orb.
     0 | D:1      | Reached XP level 1. HP: 15/15 MP: 1/1
   408 | D:1      | Gained mutation: You have a pair of small horns on your
                  | head. [demonic ancestry]
   408 | D:1      | Reached XP level 2. HP: 21/21 MP: 2/2
   517 | D:1      | Found a faded altar of an unknown god.
  1234 | D:2      | Reached XP level 3. HP: 22/26 MP: 3/3
  1333 | D:2      | Found Aluefoip's Magic Scroll Shoppe.
  1357 | D:2      | Bought a scroll of blinking for 90 gold pieces
  1357 | D:2      | Bought a scroll of identify for 24 gold pieces
  1731 | D:2      | Found a runed translucent door.
  1732 | D:2      | Noticed Crazy Yiuf
  1738 | D:2      | Demolished by Crazy Yiuf

Illustrated notes

Levels and vault maps discovered:
D:1:      matt_arrival_spirals, layout_basic, shapermc_ecumenical_altar_petra
D:2:      layout_loops_ring, serial_shops, nicolae_shop_just_a_little_nook,
          uniq_crazy_yiuf_cottage

Skill      XL: |  1  2 |
---------------+-------+-----
Dodging        | 2 |  2.1
Unarmed Combat | 3 |  3.7
Shapeshifting  | 3 |  3.1
Fighting       | |  1.0
Stealth        | |  0.6

Action                     || total
---------------------------++-------
  Melee: Unarmed           ||    69
         Headbutt          ||     8
   Stab: Sleeping          ||     3
 Armour: Animal skin       ||    41
  Dodge: Dodged            ||    25

Table legend: (Time is in decaauts)
 A = Elapsed time spent in this place.
 B = Non-inter-level travel time spent in this place.
 C = Inter-level travel time spent in this place.
 D = Time resting spent in this place.
 E = Time spent auto-exploring this place.
 F = Levels seen in this place.
 G = Mean time per level.
                   A        B        C        D        E       F      G
               +--------+--------+--------+--------+--------+-----+--------+
         Total |   1733 |   1719 |     14 |      0 |   1536 |   2 |  866.5 |
       Dungeon |   1733 |   1719 |     14 |      0 |   1536 |   2 |  866.5 |
               +--------+--------+--------+--------+--------+-----+--------+

Top non-repeatable levels by time:
     D:1: 938 daAuts
     D:2: 794 daAuts
